AoeStats
← REDFIRE36

Hideout

509947561Analyzed
1v1 RM · 2d ago on Sep 28, 2026· 32m 36s· 2 players
Game mode
Random Map
Map size
Tiny (2 player)
Population
200
Speed
Normal
Resources
Standard
Victory
Conquest
Starting age
Dark Age
Ending age
Imperial Age
RankedLock teamsTeams togetherTeam positionsShared explorationLock speedFull tech treeHidden civsTurbo modeCheats
Victory
Defeat
🇧🇪 Tupi · Belgium
1033
+17
🇬🇧 Spanish · United Kingdom
1045
-17
REDFIRE36
10:30 Feudal Age
14:27 Castle Age
13:36 Fletching
22:09 Bodkin Arrow
27:50 Stone Mining
27:44 Horse Collar
raghuvlk
12:52 Feudal Age
16:38 Castle Age
18:27 Bloodlines
19:45 Loom
Connection lost

Rejoining the realm…

Still unreachable

The connection could not be restored.

Session expired

The server has moved on; the page needs a fresh start.